 Dungeon Crawl Stone Soup version 0.31-a0-175-g9f7f995f2b (webtiles) character file.

Game seed: 1674019219443535465

151 qw the Chopper (level 5, -2/32 HPs)
             Began as a Gargoyle Fighter on June 17, 2023.
             Killed from afar by an orc wizard (4 damage)
             ... with a puff of flame
             ... on level 3 of the Dungeon.
             The game lasted 00:01:00 (2139 turns).

qw the Chopper (Gargoyle Fighter)                   Turns: 2139, Time: 00:01:00

Health: -2/32      AC: 15    Str: 22    XL:     5   Next: 33%
Magic:  5/5        EV:  6    Int:  8    God:
Gold:   131        SH:  0    Dex: 15    Spells: 4/4 levels left

rFire   + . .        Y - +0 war axe (flame)
rCold   . . .        c - +0 buckler
rNeg    + . .        a - +0 plate armour
rPois   inf          (no helmet)
rElec   +            (no cloak)
rCorr   .            (no gloves)
SInv    .            (no boots)
Will    .....        (no amulet) Stlth
                     l - ring of protection from fire
HPRegen 0.25/turn    h - +6 ring of dexterity
MPRegen 0.09/turn

%: no passive effects
@: confused
A: sickness immunity, AC +4, negative energy resistance 1, electricity
resistance, torment resistance 1, petrification resistance
a: no special abilities


You were on level 3 of the Dungeon.
You visited 1 branch of the dungeon, and saw 3 of its levels.

You collected 131 gold pieces.


Innate Abilities, Weirdness & Mutations

You are immune to sickness and miasma.
Your stone body is resilient. (AC +4)
You are immune to poison.
You resist negative energy. (rN+)
You are resistant to electric shocks. (rElec)
You are resistant to unholy torment.
You are immune to petrification.


   Skills:
 - Level 3.2 Fighting
 + Level 4.3 Axes
 - Level 1.1 Throwing
 - Level 3.2 Armour
 - Level 1.2 Dodging
 - Level 3.2 Shields


You had 4 spell levels left.
You didn't know any spells.
Your spell library was empty.

Inventory:

Hand Weapons
 Y - a +0 war axe of flaming (weapon)
Missiles
 m - 4 silver javelins (quivered)
Armour
 a - a +0 plate armour (worn)
 c - a +0 buckler (worn)
Jewellery
 h - a +6 ring of dexterity (right hand)
 l - a ring of protection from fire (left hand)
Scrolls
 f - 2 scrolls of teleportation
 i - a scroll of fear {unknown}
 j - a scroll of noise {unknown}
Potions
 b - a potion of heal wounds {unknown}
 d - a potion of might
 e - a potion of resistance
 g - 2 potions of haste
 k - 3 potions of curing

Dungeon Overview and Level Annotations

Branches:
Dungeon (3/15)

Altars:


Message History

Something hits you. Something hits you but does no damage.
You hear some strange, mumbled words.
A magic dart appears from out of thin air!
The magic dart hits you but does no damage.
You miss something. You hit something but do no damage.
You hear some strange, mumbled words.
You are confused.
Something hits you but does no damage.
You hear some strange, mumbled words.
You are more confused.
You hear some strange, mumbled words.
Something tries to affect you, but you resist.
You slash something! You burn something.
Reactivating autopickup.
You feel a bit more experienced.
You miss something. Something hits you but does no damage.
Deactivating autopickup; reactivate with Ctrl-A.
You completely miss something. Something hits you.
You hear some strange, mumbled words.
A puff of flame appears from out of thin air!
The puff of flame hits you. You resist.
You completely miss something. Something hits you.
You hear some strange, mumbled words.
A puff of flame appears from out of thin air!
The puff of flame hits you. You resist.
You completely miss something.
You hear some strange, mumbled words.
A puff of flame appears from out of thin air!
The puff of flame misses you.
You miss something.
Something hits you but does no damage. x2
You bump into the rock wall.
Something hits you but does no damage.
Something hits you but does no damage. x2
You hear some strange, mumbled words.
A puff of flame appears from out of thin air!
The puff of flame hits you. You resist.
You die...

......#.##.#...# #######
..##.....#...# .
..##...>....## .# ..
#..#....%...######.#8..
#.....#.##.............
........##..###))<....>
........###...{.###
......#%###..##..####..#
......#.....####@.....#
......#.....# ######...
......#.....#
......#....##
..>...#....# #####
#....# #....######
#.........##
#.#######..###


There were no monsters in sight!

Vanquished Creatures
  2 orc wizards (D:3)
  4 adders
  2 worms
  2 dart slugs
  2 orcs (D:3)
  3 bats
  3 endoplasms
  2 giant cockroaches
  7 hobgoblins
  5 kobolds
  5 quokkas
  6 ball pythons
  2 frilled lizards (D:3)
  3 goblins
  6 rats
54 creatures vanquished.

Notes
Turn   | Place    | Note
-------+----------+-------------------------------------------
     0 | D:1      | qw the Gargoyle Fighter began the quest for the Orb.
     0 | D:1      | Reached XP level 1. HP: 14/14 MP: 1/1
     0 | D:1      | 0 ||| qw: Version: 0.3-a-2-g5ab2908
     0 | D:1      | 0 ||| qw: Game counter: 298
     0 | D:1      | 0 ||| qw: Always use a shield: true
     0 | D:1      | 0 ||| qw: God list: Okawaru
     0 | D:1      | 0 ||| qw: Allow faded altars: false
     0 | D:1      | 0 ||| qw: Do Orc after D:15 true
     0 | D:1      | 0 ||| qw: Do second Lair branch before Depths: true
     0 | D:1      | 0 ||| qw: Lair rune preference: random
     0 | D:1      | 0 ||| qw: Plans: Normal, Zot:1-4, Slime:5, God:TSO, Crypt,
                  | Tomb, Abyss, Pan, Hells, Win
     0 | D:1      | 0 ||| PLANNING D:1-11
    92 | D:1      | Reached skill level 2 in Axes
   194 | D:1      | Reached XP level 2. HP: 19/19 MP: 2/2
   324 | D:1      | Found a faded altar of an unknown god.
   482 | D:1      | 482 ||| UPGRADING to ring of protection from fire.
   483 | D:1      | 483 ||| READING scroll labelled JAM FUASOCKIME.
   484 | D:1      | 484 ||| READING 3 scrolls labelled WUMAIPPUINU.
   489 | D:1      | 489 ||| READING scroll labelled PEXENL JAICEFU.
   490 | D:1      | 490 ||| READING scroll labelled EXOIST OQIQOEC.
   491 | D:1      | 491 ||| DROPPING +0 club.
   492 | D:1      | 492 ||| DRINKING 2 sapphire potions.
   517 | D:2      | 517 ||| STAIRDANCE
   584 | D:2      | 584 ||| Stepping ~*~*~tactically~*~*~ (hiding).
   590 | D:2      | 590 ||| Stepping ~*~*~tactically~*~*~ (hiding).
   591 | D:2      | 591 ||| Stepping ~*~*~tactically~*~*~ (hiding).
   598 | D:2      | Reached skill level 3 in Axes
   644 | D:2      | 644 ||| Stepping ~*~*~tactically~*~*~ (stealth).
   667 | D:2      | Reached XP level 3. HP: 23/23 MP: 3/3
   787 | D:2      | Reached skill level 1 in Throwing
  1049 | D:2      | Identified the +6 dagger of Internal Strife {freeze, rPois
                  | Str+2}
  1299 | D:2      | 1299 ||| UPGRADING to +0 plate armour.
  1309 | D:2      | 1309 ||| DROPPING +0 scale mail.
  1310 | D:2      | 1310 ||| UPGRADING to +6 ring of dexterity.
  1311 | D:2      | 1311 ||| DRINKING 2 murky sapphire potions.
  1312 | D:2      | 1312 ||| DRINKING 3 green potions.
  1538 | D:3      | 1538 ||| Stepping ~*~*~tactically~*~*~ (hiding).
  1712 | D:3      | Reached XP level 4. HP: 25/28 MP: 4/4
  1820 | D:3      | 1820 ||| Stepping ~*~*~tactically~*~*~ (stealth).
  1834 | D:3      | 1834 ||| Stepping ~*~*~tactically~*~*~ (stealth).
  1835 | D:3      | 1835 ||| Stepping ~*~*~tactically~*~*~ (stealth).
  1837 | D:3      | 1837 ||| Stepping ~*~*~tactically~*~*~ (stealth).
  1849 | D:3      | 1849 ||| Stepping ~*~*~tactically~*~*~ (stealth).
  2010 | D:3      | Reached skill level 4 in Axes
  2094 | D:3      | 2094 ||| Stepping ~*~*~tactically~*~*~ (hiding).
  2110 | D:3      | Reached skill level 1 in Dodging
  2110 | D:3      | Reached XP level 5. HP: 14/32 MP: 5/5
  2119 | D:3      | 2119 ||| DRINKING 4 potions of curing.
  2119 | D:3      | 2119 ||| (to cure confusion)
  2128 | D:3      | HP: 7/32 [something (4)]
  2133 | D:3      | HP: 6/32 [something (2)]
  2134 | D:3      | HP: 1/32 [something/puff of flame (2)]
  2139 | D:3      | Killed from afar by an orc wizard

Levels and vault maps discovered:
D:1:      reono_arrival_forest_river, layout_basic,
          shapermc_ecumenical_altar_mp_ritualfount
D:2:      layout_basic
D:3:      minmay_thinvault, layout_rooms, tgw_fedhas, st_stairs_6, minivault_14,
          small_statue_intersection, hangedman_decor_diamond_cutter

Skill      XL: |  1  2  3  4 |
---------------+-------------+-----
Axes           | 2 3 4 |  4.3
Throwing       | 1 |  1.1
Dodging        | 1 |  1.2
Fighting       | |  3.2
Armour         | |  3.2
Shields        | |  3.2

Action                     |  1- 3 |  4- 6 || total
---------------------------+-------+-------++-------
  Melee: War axe           |    77 |    67 ||   144
  Throw: Javelin           |    24 |    20 ||    44
    Use: Scroll            |     4 |       ||     4
         Potion            |     3 |     1 ||     4
 Armour: Scale mail        |    22 |       ||    22
         Plate armour      |    15 |    96 ||   111
  Dodge: Dodged            |    27 |    10 ||    37
  Block: Buckler           |    12 |    16 ||    28

Table legend:
 A = Non-vault XP
 B = Vault XP
 C = Vault XP percentage of total XP
 D = Non-vault monster count
 E = Vault monster count
 F = Vault count percentage of total count
                 A         B        C        D         E       F
            +---------+---------+-------+---------+---------+-------
      Total |     193 |      24 |  11.1 |      47 |       7 |  13.0
            +---------+---------+-------+---------+---------+-------
        D:1 |      21 |       0 |   0.0 |      12 |       0 |   0.0
        D:2 |      46 |       0 |   0.0 |      17 |       0 |   0.0
        D:3 |     126 |      24 |  16.0 |      18 |       7 |  28.0
            +---------+---------+-------+---------+---------+-------
